 Dungeon Crawl Stone Soup version 0.21.0-25-ge575cb9 (webtiles) character file.

1543 dobroeutro the Slasher (level 8, 0/59 HPs)
             Began as a Demonspawn Fighter on Jan 23, 2018.
             Was an Initiate of Dithmenos.
             Slain by a wyvern skeleton (12 damage)
             ... on level 6 of the Dungeon.
             The game lasted 00:12:00 (6934 turns).

dobroeutro the Slasher (Demonspawn Fighter)         Turns: 6934, Time: 00:12:01

Health: 0/59       AC: 11    Str: 16 (18) XL:     8   Next: 56%
Magic:  8/8        EV:  7    Int:  7 (10) God:    Dithmenos [......]
Gold:   428        SH: 15    Dex: 13      Spells: 7/7 levels left

rFire    . . .     SeeInvis .   a - +1 long sword
rCold    . . .     Gourm    .   c - +1 shield
rNeg     . . .     Faith    .   b - +0 scale mail
rPois    .         Spirit   .   (helmet unavailable)
rElec    .         Reflect  +   (no cloak)
rCorr    .         Harm     .   g - +0 pair of gloves
MR       .....                  (no boots)
Stlth    +++.......             e - +5 amulet of reflection
HPRegen  0.19/turn              j - ring of stealth
MPRegen  0.11/turn              D - +3 ring of protection

@: no status effects
A: horns 3, nightstalker 1
a: Renounce Religion


You were on level 6 of the Dungeon.
You worshipped Dithmenos.
Dithmenos was noncommittal.
You were not hungry.

You visited 1 branch of the dungeon, and saw 6 of its levels.
You also visited: Ossuary.

You collected 428 gold pieces.

Inventory:

Hand Weapons
 a - a +1 long sword (weapon)
Armour
 b - a +0 scale mail (worn)
 c - a +1 shield (worn)
 g - a +0 pair of gloves (worn)
Jewellery
 e - a +5 amulet of reflection (around neck)
 j - a ring of stealth (left hand)
 C - a +2 ring of strength
 D - a +3 ring of protection (right hand)
 I - an uncursed ring of resist corrosion {unknown}
Wands
 t - a wand of scattershot (5)
 F - a wand of iceblast (6)
 G - a wand of acid (14)
 H - a wand of random effects (22)
Scrolls
 h - 12 scrolls of identify {unknown}
 k - 7 scrolls of remove curse
 n - 2 scrolls of fog
 v - 2 scrolls of magic mapping
 x - a scroll of teleportation
 y - 2 scrolls of enchant weapon
 z - a scroll of random uselessness
Potions
 d - 2 potions of might
 i - 3 potions of cancellation {unknown}
 l - 3 potions of agility {unknown}
 m - 3 potions of heal wounds {unknown}
 o - 2 potions of mutation {unknown}
 p - 3 potions of curing
 q - a potion of lignification {unknown}
 r - 2 potions of degeneration
 s - a potion of haste {unknown}
 u - a potion of berserk rage {unknown}
 w - a potion of resistance {unknown}
 A - 2 potions of flight {unknown}
 E - a potion of invisibility {unknown}
 J - a potion of ambrosia {unknown}
Books
 K - a book of Minor Magic

   Spells                             Type                      Level
   a - Magic Dart                     Conjuration                  1
   b - Blink                          Translocation                2
   c - Call Imp                       Summoning                    2
   d - Slow                           Hexes                        2
   e - Conjure Flame                  Conjuration/Fire             3
   f - Mephitic Cloud                 Conjuration/Poison/Air       3
Comestibles
 f - 12 rations
 B - 3 chunks of flesh


   Skills:
 + Level 3.6 Fighting
 * Level 7.9 Long Blades
 + Level 3.3 Armour
 + Level 1.5 Dodging
 - Level 5.0 Stealth
 + Level 3.2 Shields


You had 7 spell levels left.
You didn't know any spells.

Dungeon Overview and Level Annotations

Branches:
Dungeon (6/15)             Temple (0/1) D:6

Altars:
Dithmenos
Xom


Innate Abilities, Weirdness & Mutations

You have a pair of large horns on your head.
You are slightly more attuned to the shadows.


Message History

The wyvern skeleton bites you!
* * * LOW HITPOINT WARNING * * *
The wyvern skeleton completely misses you.
You riposte.
You slash the wyvern skeleton!
The wyvern skeleton is moderately damaged.
The wyvern skeleton bites you but does no damage.
The wyvern skeleton barely misses you. You block the wyvern skeleton's attack.
Press: ? - help, v - describe, . - travel
Here: a wyvern skeleton (moderately damaged)
The floor.
You feel better.
You block the wyvern skeleton's attack. x2
The wyvern skeleton bites you but does no damage.
You block the wyvern skeleton's attack. The wyvern skeleton bites you.
* * * LOW HITPOINT WARNING * * *
You block the wyvern skeleton's attack. You block the wyvern skeleton's attack.
The wyvern skeleton bites you!
You die...

###'#.#....# *,,,,,,,,,,#.......
#.#.#.##.# *******#+###....... #
#.#.#.##.# #.#......... #
#.#.#o##.# #.#.........
###.#.#.##.# #####.#.....###.
'...#.#.##.#######.....#.........
#####.#.##.#,..........'.........
......#.##o#.##........######....
#######.##.#..'.@.......# #....
......#.##.####Z[)......# #....
......#.##...o..........#***#....
#######.#######.........#.,,+....
# #.##.# #.........#.###....
#*****#....# ####......#........
,,.....###.#######......##.......
**####.* #..............##.......
,,,,,#+**#############.)##.......


You could see an orc warrior and a wyvern skeleton.

Vanquished Creatures
  A water moccasin (D:6)
  2 ice beasts
  3 ogres
  A sky beast (D:5)
  2 bullfrogs (D:6)
  A howler monkey (D:5)
  A crimson imp (D:2)
  2 hounds
  A centaur zombie (Ossuary)
  2 bullfrog skeletons
  An orc wizard (D:5)
  Jessica (D:3)
  6 worker ants
  2 ogre zombies (Ossuary)
  3 hound skeletons
  7 mummies (Ossuary)
  A howler monkey skeleton (D:5)
  7 adders
  A shadow imp (D:6)
  2 oozes (D:3)
  2 adder zombies (Ossuary)
  4 worms
  3 dart slugs
  A leopard gecko (D:1)
  9 orcs
  8 bats
  5 giant cockroaches
  A gnoll zombie (Ossuary)
  4 goblins
  13 hobgoblins
  4 quokkas
  3 frilled lizards
  4 goblin zombies (Ossuary)
  2 hobgoblin zombies (Ossuary)
  3 kobolds
  7 kobold zombies (Ossuary)
  3 quokka zombies (Ossuary)
  12 rats
  6 rat zombies (Ossuary)
141 creatures vanquished.

Notes
Turn   | Place    | Note
-------+----------+-------------------------------------------
     0 | D:1      | dobroeutro the Demonspawn Fighter began the quest for the Orb.
     0 | D:1      | Reached XP level 1. HP: 18/18 MP: 1/1
    25 | D:1      | Reached skill level 2 in Long Blades
   155 | D:1      | Gained mutation: You are slightly more attuned to the shadows. [demonic ancestry]
   155 | D:1      | Reached XP level 2. HP: 23/24 MP: 2/2
   417 | D:1      | Reached skill level 3 in Long Blades
   429 | D:1      | Reached XP level 3. HP: 28/29 MP: 3/3
  1071 | D:1      | Reached skill level 1 in Stealth
  1411 | D:2      | Gained mutation: You have a pair of small horns on your head. [demonic ancestry]
  1411 | D:2      | Reached XP level 4. HP: 29/35 MP: 4/4
  1793 | D:2      | Reached skill level 4 in Long Blades
  1889 | D:2      | Found a shimmering altar of Xom.
  2141 | D:3      | Reached XP level 5. HP: 41/41 MP: 5/5
  2178 | D:3      | You fall through a shaft for 3 floors!
  2227 | D:6      | Found a sand-covered staircase.
  2232 | Ossuary  | Entered an ossuary
  2405 | Ossuary  | Reached skill level 5 in Long Blades
  2405 | Ossuary  | Gained mutation: You have a pair of horns on your head. [demonic ancestry]
  2405 | Ossuary  | Reached XP level 6. HP: 17/47 MP: 6/6
  3321 | D:5      | Entered Level 5 of the Dungeon
  3340 | D:5      | Gained mutation: You have a pair of large horns on your head. [demonic ancestry]
  3340 | D:5      | Reached XP level 7. HP: 50/52 MP: 7/7
  3424 | D:5      | Reached skill level 6 in Long Blades
  3608 | D:3      | Noticed Jessica
  3619 | D:3      | Killed Jessica
  5220 | D:5      | Found a shadowy altar of Dithmenos.
  5227 | D:5      | Reached skill level 7 in Long Blades
  5250 | D:5      | Became a worshipper of Dithmenos the Shadowed
  5643 | D:5      | Reached skill level 5 in Stealth
  5643 | D:5      | Reached XP level 8. HP: 38/58 MP: 8/8
  6672 | D:6      | Found a staircase to the Ecumenical Temple.
  6717 | D:6      | Reached skill level 1 in Dodging
  6934 | D:6      | Slain by a wyvern skeleton

Skill      XL: |  1  2  3  4  5  6  7  8 |
---------------+-------------------------+-----
Long Blades    | 2 3 4 5 7 |  7.9
Stealth        | 1 2 3 5 |  5.0
Armour         | 3 |  3.3
Dodging        | 1 |  1.5
Shields        | 3 |  3.2
Fighting       | |  3.6

Action                   |  1- 3 |  4- 6 |  7- 9 || total
-------------------------+-------+-------+-------++-------
Melee: Long sword        |   140 |   222 |   211 ||   573
       Headbutt          |       |    36 |    34 ||    70
  Use: Scroll            |       |     5 |     7 ||    12
       Potion            |       |       |     3 ||     3
 Stab: Sleeping          |       |    13 |     7 ||    20
  Eat: Chunk             |     2 |     3 |    12 ||    17
       Ration            |       |     1 |       ||     1
Armor: Scale mail        |    61 |    39 |    53 ||   153
Dodge: Dodged            |    45 |    36 |    34 ||   115
Block: Shield            |   119 |   150 |   133 ||   402
       Reflection        |     1 |       |       ||     1
       Rpst.: Long sword |    17 |    11 |     7 ||    35
